 Dungeon Crawl Stone Soup version 0.22.1-2-g9c5b331 (webtiles) character file.

11919 Wheel the Impaler (level 11, -19/87 HPs)
             Began as a Merfolk Gladiator on Nov 27, 2018.
             Was an Elder of Dithmenos.
             Demolished by an ettin
             ... wielding a +0 dire flail
              (31 damage)
             ... on level 1 of the Orcish Mines.
             The game lasted 01:02:29 (14097 turns).

Wheel the Impaler (Merfolk Gladiator)              Turns: 14097, Time: 01:02:30

Health: -19/87     AC: 18    Str: 15    XL:     11   Next: 85%
Magic:  11/11      EV: 15    Int:  8    God:    Dithmenos [****..]
Gold:   314        SH:  0    Dex: 23    Spells: 10/10 levels left

rFire    . . .     SeeInvis .   p - +0 halberd (elec)
rCold    . . .     Gourm    .   (shield currently unavailable)
rNeg     . . .     Faith    .   K - +3 chain mail of Poor Excuses {Dex+3}
rPois    .         Spirit   .   y - +0 helmet
rElec    .         Reflect  .   x - +2 cloak
rCorr    .         Harm     .   h - +1 pair of gloves
MR       .....                  r - +0 pair of boots
Stlth    ++++......             (no amulet)
HPRegen  0.24/turn              n - ring of stealth
MPRegen  0.12/turn              G - +2 ring of dexterity

@: wreathed by umbra
A: change form in water, swift swim, stealthy swim
a: Shadow Step, Renounce Religion


You were on level 1 of the Orcish Mines.
You worshipped Dithmenos.
Dithmenos was greatly pleased with you.
You were not hungry.

You visited 3 branches of the dungeon, and saw 12 of its levels.

You collected 893 gold pieces.
You spent 579 gold pieces at shops.

Inventory:

Hand Weapons
 a - a +0 trident
 p - a +0 halberd of electrocution (weapon)
 q - a cursed -1 spear
Missiles
 d - 5 throwing nets (quivered)
Armour
 b - a +0 leather armour
 c - a +0 helmet
 h - a +1 pair of gloves (worn)
 r - a +0 pair of boots (worn)
 t - a +0 helmet
 w - a +0 pair of gloves
 x - a +2 cloak (worn)
 y - a +0 helmet (worn)
 C - a +0 leather armour
 K - the +3 chain mail of Poor Excuses (worn) {Dex+3}
   (You bought it in a shop on level 6 of the Dungeon)

   It affects your dexterity (+3).
Jewellery
 l - an uncursed ring of protection from magic
 n - a ring of stealth (left hand)
 E - an uncursed ring of magical power
 G - a +2 ring of dexterity (right hand)
 J - an uncursed ring of teleportation
 L - an uncursed ring of ice
Wands
 u - a wand of paralysis (11)
 B - a wand of disintegration (12)
 M - a wand of digging (14)
Scrolls
 e - 3 scrolls of teleportation
 i - 4 scrolls of magic mapping
 k - 2 scrolls of blinking
 o - 3 scrolls of remove curse
 D - a scroll of fear
 H - a scroll of acquirement {unknown}
 I - 2 scrolls of identify
Potions
 f - a potion of haste
 g - 7 potions of curing
 j - 3 potions of heal wounds
 m - 2 potions of ambrosia
 s - 2 potions of magic
 z - 3 potions of might
 A - a potion of brilliance
Miscellaneous
 F - a fan of gales
Comestibles
 v - 5 rations


   Skills:
 + Level 8.5 Fighting
 * Level 15.1 Polearms
 - Level 2.0 Throwing
 * Level 14.0 Dodging
 + Level 9.0 Stealth


You had 10 spell levels left.
You didn't know any spells.
Your spell library contained the following spells:

 Spells                   Type           Power        Failure   Level  Hunger
 Animate Skeleton         Necr           N/A          100%        1    ##.....
 Apportation              Tloc           #.....       100%        1    ##.....
 Confusing Touch          Hex            #.....       100%        1    ##.....
 Summon Small Mammal      Summ           #...         100%        1    ##.....


Dungeon Overview and Level Annotations

Branches:
Dungeon (9/15)             Temple (1/1) D:7             Orc (2/2) D:9
   Lair: D:8-11         Elf: Orc:2

Altars:
Ashenzari
Cheibriados
Dithmenos
Elyvilon
Fedhas
Gozag
Hepliaklqana
Kikubaaqudgha
Makhleb
Nemelex Xobeh
Okawaru
Qazlal
Ru
Sif Muna
Trog
Uskayaw
Vehumet
Wu Jian
Xom
Yredelemnul
Zin
The Shining One

Shops:
D:4 %   D:6 [   D:9 *

Annotations:
D:8 shakethe's ghost, novice DsGl


Message History

The orc wizard casts a spell at you.
You easily resist.
The orc warrior closely misses you. The troll barely misses you.
The troll misses you. The troll claws you but does no damage.
The ogre moves out of view.
There is a stone staircase leading up, spattered with blood here.
Things that are here:
2 large rocks; 3 tomahawks The ettin hits you with a dire flail!!
The ettin closely misses you. The ogre closely misses you.
The orc wizard casts a spell.
The orc wizard seems to speed up.
The troll bites you but does no damage. The troll misses you. x2
The orc warrior hits you with a war axe.
You climb upwards.
There is a stone staircase leading down, spattered with blood here.
You barely miss the troll. The orc barely misses you.
The ettin hits you with a dire flail!!
* * * LOW HITPOINT WARNING * * *
The ettin hits you with a dire flail!!
You die...

##.##.#...... ######....#..)
##.##....###... ### ###
##...#..^.####.. ##.## #.#
#...##.#....##.. #...#### #.#
##..#.###....... ##....#.#
###.#####.#.(.##.......
#.......###....Co#.[)....##......
#............#.o@#.[[.....##....#
#............#.oTO........#######
....#......###.......###..#####
....##.##..# ##....##.###.....##
.....#.....###.................#
#..[................#......##.##
..[[....)#...........#....#...###
#........#......##.......#.......
#.#.....###.....####...###.......


You could see an ettin, a troll, an orc warrior, an ogre, an orc wizard and an
orc.

Vanquished Creatures
  A stone giant (Orc:1)
  Erolcha (D:9)
  A two-headed ogre (D:9)
  The ghost of RadicalHijinx the Cleaver, a novice HOFi of Makhleb (D:8)
  The ghost of diana the Carver, a novice DsBe of Trog (D:8)
  The ghost of Valentain the Black Crusader, a novice OpVM of Yredelemnul (D:8)
  An unseen horror (D:9)
  A cyclops (D:9)
  Psyche (D:8)
  A merfolk (D:9)
  A troll (D:9)
  Grinder (D:6)
  Eustachio (D:4)
  3 yaks (D:9)
  A hungry ghost (D:8)
  A two-headed ogre zombie (D:9)
  A water moccasin (D:5)
  8 orc warriors
  An ice beast (D:7)
  5 phantoms
  3 sky beasts
  A black bear (D:7)
  4 ogres
  5 centaurs
  2 bullfrogs
  A gnoll sergeant (D:7)
  7 scorpions
  4 killer bees (D:7)
  4 troll zombies (D:9)
  4 howler monkeys
  2 crimson imps
  A centaur zombie (D:8)
  A bullfrog zombie (D:5)
  2 quasits
  A centaur skeleton (D:4)
  3 hounds
  A jelly (D:6)
  9 orc priests
  Crazy Yiuf (D:5)
  3 bullfrog skeletons
  A gnoll shaman (D:9)
  3 iguanas
  8 orc wizards
  6 worker ants
  3 ogre zombies (D:9)
  A howler monkey zombie (D:6)
  A howler monkey skeleton (D:5)
  17 gnolls
  13 adders
  A shadow imp (D:5)
  An ooze (D:2)
  2 adder skeletons
  An adder zombie (D:5)
  5 worms
  A dart slug (D:1)
  6 leopard geckos
  24 orcs
  8 giant cockroaches
  7 goblins
  4 hobgoblins
  4 jackals
  3 quokkas
  A ball python skeleton (D:5)
  5 bats
  3 frilled lizards
  A giant cockroach zombie (D:6)
  2 goblin zombies (D:9)
  A hobgoblin skeleton (D:9)
  5 hobgoblin zombies (D:9)
  12 kobolds
  2 orc skeletons (D:9)
  15 orc zombies (D:9)
  2 quokka skeletons (D:5)
  A quokka zombie (D:5)
  7 rats
269 creatures vanquished.

Vanquished Creatures (others)
  An orc priest (Orc:2)
  2 withered plants (D:8)
3 creatures vanquished.

Grand Total: 272 creatures vanquished

Notes
Turn   | Place    | Note
-------+----------+-------------------------------------------
     0 | D:1      | Wheel the Merfolk Gladiator began the quest for the Orb.
     0 | D:1      | Reached XP level 1. HP: 16/16 MP: 1/1
   207 | D:1      | Reached XP level 2. HP: 22/22 MP: 2/2
   354 | D:1      | Reached skill level 1 in Stealth
   546 | D:1      | Reached skill level 5 in Polearms
  1047 | D:1      | Reached XP level 3. HP: 4/28 MP: 3/3
  1566 | D:2      | Reached XP level 4. HP: 33/34 MP: 4/4
  1738 | D:2      | Reached skill level 5 in Dodging
  1950 | D:2      | Found a stormy altar of Qazlal.
  2237 | D:3      | Reached skill level 6 in Polearms
  2237 | D:3      | Reached XP level 5. HP: 19/41 MP: 5/5
  2476 | D:3      | Found a sacrificial altar of Ru.
  2482 | D:3      | Found a hide-covered altar of Uskayaw.
  3297 | D:3      | Reached XP level 6. HP: 38/47 MP: 6/6
  3586 | D:3      | Found a blossoming altar of Fedhas.
  4040 | D:4      | Found a snail-covered altar of Cheibriados.
  4047 | D:4      | Noticed Eustachio
  4060 | D:4      | Killed Eustachio
  4060 | D:4      | Reached skill level 7 in Polearms
  4060 | D:4      | Reached XP level 7. HP: 44/52 MP: 7/7
  4777 | D:4      | Found Ymuarome's Food Emporium.
  4826 | D:4      | Bought a ration for 60 gold pieces
  4826 | D:4      | Bought a ration for 60 gold pieces
  4980 | D:4      | Reached skill level 8 in Polearms
  5027 | D:5      | Entered Level 5 of the Dungeon
  5285 | D:5      | Reached XP level 8. HP: 30/60 MP: 8/8
  5583 | D:5      | Found a shadowy altar of Dithmenos.
  5591 | D:5      | Became a worshipper of Dithmenos the Shadowed
  5685 | D:5      | Reached skill level 9 in Polearms
  6008 | D:5      | Found a runed door.
  6012 | D:5      | Noticed Crazy Yiuf
  6015 | D:5      | Killed Crazy Yiuf
  6335 | D:6      | Found Gaobalal's Armour Boutique.
  6434 | D:6      | Noticed Grinder
  6485 | D:6      | Reached skill level 5 in Fighting
  6532 | D:6      | Killed Grinder
  6532 | D:6      | Reached * piety under Dithmenos
  6532 | D:6      | Reached skill level 10 in Polearms
  6532 | D:6      | Reached skill level 5 in Stealth
  6651 | D:6      | Reached XP level 9. HP: 66/68 MP: 9/9
  6770 | D:6      | Found an iron altar of Okawaru.
  6770 | D:6      | Found an ornate altar of the Wu Jian Council.
  7036 | D:7      | Found a staircase to the Ecumenical Temple.
  7051 | Temple   | Entered the Ecumenical Temple
  7220 | D:7      | Reached skill level 11 in Polearms
  7220 | D:7      | Reached skill level 10 in Dodging
  7249 | D:7      | Found a sacrificial altar of Ru.
  8468 | D:8      | Noticed Psyche
  8474 | D:8      | Killed Psyche
  8483 | D:8      | Found a runed gate.
  8483 | D:8      | Found a runed gate.
  8483 | D:8      | Found a runed gate.
  8486 | D:8      | Noticed RadicalHijinx's ghost (novice HOFi)
  8488 | D:8      | Noticed shakethe's ghost (novice DsGl)
  8488 | D:8      | Noticed Valentain's ghost (novice OpVM)
  8654 | D:8      | Noticed diana's ghost (novice DsBe)
  8697 | D:8      | Reached skill level 12 in Polearms
  8697 | D:8      | Reached XP level 10. HP: 77/77 MP: 10/10
  8779 | D:8      | Found a shimmering altar of Xom.
  8993 | D:8      | Found a white marble altar of Elyvilon.
  9048 | D:8      | Reached ** piety under Dithmenos
  9455 | D:9      | Found Zin's Purification Station.
  9457 | D:9      | Found a glowing silver altar of Zin.
  9477 | D:9      | Noticed Erolcha
  9485 | D:9      | Killed Erolcha
  9608 | D:9      | Found a snail-covered altar of Cheibriados.
 10136 | D:9      | Killed an unseen horror
 10136 | D:9      | Reached skill level 13 in Polearms
 10351 | D:9      | Noticed a two-headed ogre
 10359 | D:9      | Killed a two-headed ogre
 10359 | D:9      | Reached XP level 11. HP: 62/84 MP: 11/11
 10440 | D:9      | Found a staircase to the Orcish Mines.
 10943 | D:9      | Reached *** piety under Dithmenos
 11071 | D:9      | Reached skill level 14 in Polearms
 11095 | Orc:1    | Entered Level 1 of the Orcish Mines
 11151 | D:9      | Noticed a cyclops
 11166 | D:9      | Killed a cyclops
 12219 | D:6      | Bought the +3 chain mail of Poor Excuses {Dex+3} for 459
                  | gold pieces
 12378 | D:8      | Killed diana's ghost
 12390 | D:8      | Killed Valentain's ghost
 12397 | D:8      | HP: 3/86 [poisoned by Valentain's ghost (toxic radiance)]
 12806 | D:8      | Killed RadicalHijinx's ghost
 12806 | D:8      | Reached **** piety under Dithmenos
 13551 | Orc:2    | Entered Level 2 of the Orcish Mines
 13551 | Orc:2    | Noticed a stone giant
 13787 | Orc:2    | Noticed an ettin
 13806 | Orc:1    | Killed a stone giant
 13806 | Orc:1    | Reached skill level 15 in Polearms
 14097 | Orc:1    | Demolished by an ettin

Skill      XL: |  1  2  3  4  5  6  7  8  9 10 11 |
---------------+----------------------------------+-----
Stealth        | 1 2 3 4 5 6 7 9 |  9.0
Polearms       | 5 6 7 8 10 12 13 15 | 15.1
Dodging        | 5 6 7 9 11 12 14 | 14.0
Fighting       | 3 4 5 6 7 8 |  8.5
Throwing       | |  2.0

Action                   |  1- 3 |  4- 6 |  7- 9 | 10-12 || total
-------------------------+-------+-------+-------+-------++-------
Melee: Trident           |    59 |       |       |       ||    59
       Halberd           |    10 |   151 |   371 |   421 ||   953
       Tailslap          |       |       |       |     3 ||     3
  Use: Scroll            |       |    10 |     7 |     5 ||    22
       Potion            |       |       |       |     3 ||     3
 Stab: Sleeping          |       |     6 |    20 |    13 ||    39
       Distracted        |       |       |     1 |       ||     1
       Invisible         |       |       |     1 |       ||     1
  Eat: Ration            |     1 |     2 |     3 |     4 ||    10
       Chunk             |       |       |     6 |     5 ||    11
Armor: Leather armour    |    13 |    41 |    69 |    39 ||   162
       Chain mail        |       |       |       |    28 ||    28
Dodge: Dodged            |    50 |   133 |   289 |   341 ||   813
